 Dungeon Crawl Stone Soup version 0.20.0-15-g7f486f2 (webtiles) character file.

3122 esteth the Geomancer (level 9, -3/54 HPs)
             Began as a Gargoyle Earth Elementalist on June 13, 2017.
             Was a Follower of Vehumet.
             Slain by an orc warrior
             ... wielding a +0 halberd
              (17 damage)
             ... on level 6 of the Dungeon on June 14, 2017.
             The game lasted 00:24:23 (8679 turns).

esteth the Geomancer (Gargoyle Earth Elementalist)  Turns: 8679, Time: 00:24:23

Health: -3/54      AC: 13    Str: 12    XL:     9   Next: 91%
Magic:  4/15       EV: 12    Int: 19    God:    Vehumet [*.....]
Gold:   324        SH:  0    Dex: 10    Spells: 7/16 levels left

rFire    . . .     SeeInvis .   y - +0 trident
rCold    . . .     Gourm    .   (no shield)
rNeg     + . .     Faith    .   c - +0 robe
rPois    ∞         Spirit   .   B - +0 helmet
rElec    +         Reflect  .   t - +2 cloak
rCorr    .         Harm     .   (no gloves)
MR       .....                  j - +0 pair of boots
Stlth    ++........             (no amulet)
Regen    0.2/turn               (no ring)
MPRegen  0.2/turn               (no ring)

@: studying Polearms
A: negative energy resistance 1, electricity resistance, unbreathing,
petrification resistance, rot immunity, AC +5
a: Renounce Religion


You were on level 6 of the Dungeon.
You worshipped Vehumet.
Vehumet was aware of your devotion.
You were not hungry.

You visited 2 branches of the dungeon, and saw 8 of its levels.
You also visited: Sewer.

You collected 324 gold pieces.

Inventory:

Hand Weapons
 h - a +1 vampiric dagger
 y - a +0 trident (weapon)
Missiles
 b - 99 stones (quivered)
Armour
 c - a +0 robe (worn)
 j - a +0 pair of boots (worn)
 m - a +0 leather armour
 t - a +2 cloak (worn)
 B - a +0 helmet (worn)
Wands
 i - a wand of acid (7/15)
 v - a wand of digging (24/24)
Scrolls
 g - a scroll of amnesia
 k - a scroll of fog {unknown}
 l - 7 scrolls of remove curse
 n - a scroll of teleportation
 q - 3 scrolls of identify
 E - a scroll of recharging
 F - a scroll of enchant armour
Potions
 f - 3 potions of curing {unknown}
 o - a potion of mutation {unknown}
 p - a potion of lignification {unknown}
 s - a potion of degeneration {unknown}
 w - 3 potions of flight {unknown}
 z - a potion of resistance {unknown}
 H - a potion of berserk rage {unknown}
Books
 e - a book of Geomancy

   Spells                             Type                      Level
   a - Sandblast                      Earth                        1
   b - Passwall                       Transmutation/Earth          2
   c - Stone Arrow                    Conjuration/Earth            3
   d - Petrify                        Transmutation/Earth          4
   e - Lee's Rapid Deconstruction     Earth                        5
 x - a manual of Polearms
 G - a book of Minor Magic

   Spells                             Type                      Level
   a - Magic Dart                     Conjuration                  1
   b - Blink                          Translocation                2
   c - Call Imp                       Summoning                    2
   d - Slow                           Hexes                        2
   e - Conjure Flame                  Conjuration/Fire             3
   f - Mephitic Cloud                 Conjuration/Poison/Air       3
Comestibles
 a - 3 fruits
 r - 3 meat rations
 u - 2 bread rations
 A - 5 royal jellies


   Skills:
 - Level 5.0 Fighting
 + Level 7.7 Polearms
 + Level 5.3 Armour
 - Level 2.4 Dodging
 - Level 2.1 Stealth
 + Level 4.4 Spellcasting
 - Level 2.4 Conjurations
   Level 0.7 Transmutations
 - Level 10.3 Earth Magic


You had 7 spell levels left.
You knew the following spells:

 Your Spells              Type           Power        Failure   Level  Hunger
a - Sandblast             Erth           #####.       1%          1    None
b - Lee's Rapid Deconstr  Erth           #####.....   4%          5    ######.
c - Stone Arrow           Conj/Erth      ####..       2%          3    ###....


Dungeon Overview and Level Annotations

Branches:
Dungeon (7/15)             Temple (1/1) D:6

Altars:
Ashenzari
Cheibriados
Fedhas
Gozag
Hepliaklqana
Kikubaaqudgha
Makhleb
Okawaru
Qazlal
Ru
Sif Muna
Trog
Uskayaw
Vehumet
Xom
Yredelemnul
Zin
The Shining One

Shops:
D:2 *


Innate Abilities, Weirdness & Mutations

You are resistant to torment.
Your stone body is resilient. (AC +5)
You are immune to poison.
You resist negative energy. (rN+)
You are resistant to electric shocks. (rElec)
You can survive without breathing.
You are immune to petrification.
You are immune to rotting.


Message History

Okay, then.
Casting: Sandblast
Confirm with . or Enter, or press ? or * to list all spells.
Aiming: Sandblast
Press: ? - help, Shift-Dir - straight line, f/p - orc warrior
Aim: an orc warrior, wielding a halberd and wearing a plate armour (heavily wounded)
The blast of sand misses the orc warrior.
b - 99 stones The orc warrior hits you with a halberd.
The orc warrior hits you from afar with a halberd.
* * * LOW HITPOINT WARNING * * *
Casting: Sandblast
Confirm with . or Enter, or press ? or * to list all spells.
Aiming: Lee's Rapid Deconstruction
Press: ? - help, Dir - move target cursor, p - orc warrior The metal wall shatters!
The blast of metal fragments hits the orc warrior.
The orc warrior is heavily wounded.
The orc warrior hits you from afar with a halberd!
You die...

..#######.##############..#######
####..#######..##.##.#....##..#..
###.._∩##......#.....+..((.).^...
#.....###......#.....#..(........
..#..####.##...##....##'####.....
.##### #..##...##....##...##....)
..### #)......##....##..........
#...####.............'....######.
##....##........@....##...##..###
###....#.......>.....###'###...#
..............o##....##...#....#
...)[..........########...+....##
####[###..........<.............#
###...##...........#########.####
.'....#............#.#.#...#..##
.#....##.......##..#.#.#.#.#...#
.#..).##.......#####.#...#.###.#


You could see an orc warrior.

Vanquished Creatures
  Grinder (D:5)
  The ghost of miragecloak the Insei, an amateur OpTm of Ashenzari (D:3)
  A hog (D:7)
  A human (D:7)
  A hungry ghost (D:7)
  A phantom (D:5)
  2 ice beasts (D:6)
  A necrophage (D:6)
  A black bear (D:7)
  An ogre (D:4)
  2 centaurs
  7 bullfrogs
  2 scorpions
  4 howler monkeys
  5 crimson imps
  A bullfrog zombie (D:6)
  4 orc wizards
  A gnoll shaman (D:7)
  An orc priest (D:6)
  2 iguanas
  4 worker ants
  2 hound skeletons
  12 gnolls
  A howler monkey skeleton (D:4)
  12 adders
  A shadow imp (D:7)
  2 oozes
  3 adder skeletons
  5 worms
  4 dart slugs
  6 leopard geckos
  13 orcs
  10 bats
  3 giant cockroaches
  7 goblins
  8 hobgoblins
  14 jackals
  9 kobolds
  4 quokkas
  7 ball pythons
  A ball python skeleton (D:4)
  7 frilled lizards
  A leopard gecko zombie (D:5)
  2 rats
  2 fungi (D:6)
180 creatures vanquished.

Notes
Turn   | Place    | Note
-------+----------+-------------------------------------------
     0 | D:1      | esteth the Gargoyle Earth Elementalist began the quest for the Orb.
     0 | D:1      | Reached XP level 1. HP: 10/10 MP: 3/3
   269 | D:1      | Reached skill level 4 in Earth Magic
   300 | D:1      | Reached XP level 2. HP: 2/15 MP: 1/5
   822 | D:1      | Reached skill level 5 in Earth Magic
   822 | D:1      | Reached XP level 3. HP: 19/19 MP: 6/6
  1048 | D:1      | Reached XP level 4. HP: 12/24 MP: 0/7
  1198 | D:2      | Reached skill level 6 in Earth Magic
  1261 | D:2      | Found Zin's Purification Station.
  1265 | D:2      | Found a glowing silver altar of Zin.
  1765 | D:2      | Reached XP level 5. HP: 28/28 MP: 8/8
  1988 | D:3      | Reached skill level 7 in Earth Magic
  2065 | D:3      | Found a glowing drain.
  2148 | Sewer    | Entered a sewer
  2579 | Sewer    | Reached XP level 6. HP: 30/32 MP: 2/9
  2670 | Sewer    | Reached skill level 8 in Earth Magic
  2983 | D:3      | Noticed miragecloak's ghost (amateur OpTm)
  2991 | D:3      | Killed miragecloak's ghost
  2991 | D:3      | Reached XP level 7. HP: 30/36 MP: 3/10
  3179 | D:4      | Found a shimmering altar of Xom.
  3179 | D:4      | Found a shimmering altar of Xom.
  3179 | D:4      | Found a shimmering altar of Xom.
  3203 | D:4      | Found a shimmering altar of Xom.
  3203 | D:4      | Found a shimmering altar of Xom.
  3222 | D:4      | Found a shimmering altar of Xom.
  3222 | D:4      | Found a shimmering altar of Xom.
  3453 | D:4      | Reached skill level 5 in Polearms
  4126 | D:4      | Found a sacrificial altar of Ru.
  4128 | D:4      | Found a bloodstained altar of Trog.
  4172 | D:4      | Found a glowing golden altar of the Shining One.
  4661 | D:4      | Reached skill level 9 in Earth Magic
  4665 | D:4      | Reached XP level 8. HP: 35/41 MP: 3/11
  4748 | D:5      | Entered Level 5 of the Dungeon
  4973 | D:5      | Noticed Grinder
  5006 | D:4      | Learned a level 5 spell: Lee's Rapid Deconstruction
  5010 | D:4      | Learned a level 3 spell: Stone Arrow
  5025 | D:5      | Killed Grinder
  5025 | D:5      | Reached skill level 10 in Earth Magic
  5168 | D:5      | Found a hazy altar of Hepliaklqana.
  5645 | D:6      | Found a staircase to the Ecumenical Temple.
  5665 | Temple   | Entered the Ecumenical Temple
  5675 | Temple   | Became a worshipper of Vehumet
  5804 | D:6      | Reached skill level 1 in Armour
  5804 | D:6      | Reached skill level 1 in Conjurations
  5875 | D:6      | Reached skill level 1 in Fighting
  5955 | D:6      | Found a blossoming altar of Fedhas.
  5992 | D:6      | Found a burning altar of Makhleb.
  6681 | D:6      | Reached XP level 9. HP: 49/49 MP: 12/12
  6802 | D:6      | Reached * piety under Vehumet
  6802 | D:6      | Offered knowledge of Flame Tongue by Vehumet.
  8325 | D:7      | Offered knowledge of Throw Flame by Vehumet.
  8325 | D:7      | Reached skill level 5 in Fighting
  8452 | D:7      | Reached skill level 5 in Armour
  8460 | D:7      | Reached ** piety under Vehumet
  8679 | D:6      | Slain by an orc warrior

Skill      XL: |  1  2  3  4  5  6  7  8  9 |
---------------+----------------------------+-----
Earth Magic    | 4 5 6 7 8 9 10 | 10.3
Polearms       | 4 6 7 |  7.7
Armour         | 2 5 |  5.3
Conjurations   | 2 |  2.4
Fighting       | 2 5 |  5.0
Dodging        | 2 |  2.4
Spellcasting   | 4 |  4.4
Stealth        | |  2.1
Transmutations | |  0.7

Action                   |  1- 3 |  4- 6 |  7- 9 || total
-------------------------+-------+-------+-------++-------
Melee: Dagger            |   112 |   236 |       ||   348
       Unarmed           |    13 |       |       ||    13
       Trident           |       |     4 |   428 ||   432
 Cast: Sandblast         |    14 |    47 |    73 ||   134
       Lee's Rapid Decon |       |       |     8 ||     8
       Stone Arrow       |       |       |     5 ||     5
  Use: Potion            |     1 |       |     2 ||     3
       Scroll            |       |       |    14 ||    14
 Stab: Sleeping          |     2 |       |     2 ||     4
       Distracted        |       |     1 |       ||     1
  Eat: Bread ration      |     1 |       |       ||     1
       Chunk             |     1 |     7 |    21 ||    29
       Fruit             |       |       |     2 ||     2
Armor: Robe              |    49 |   100 |   221 ||   370
Dodge: Dodged            |   100 |   245 |   271 ||   616
